 Dungeon Crawl Stone Soup version 0.17-a0-1830-g81820eb (webtiles) character file.

400 Stormsson the Sneak (level 6, -4/30 HPs)
             Began as a Spriggan Conjurer on Sept 13, 2015.
             Slain by an ogre
             ... wielding a +0 giant spiked club
              (29 damage)
             ... on level 4 of the Dungeon.
             The game lasted 00:14:34 (3192 turns).

Stormsson the Sneak (Spriggan Conjurer)             Turns: 3192, Time: 00:14:34

Health: -4/30      AC:  2    Str:  4    XL:     6   Next: 54%
Magic:  7/12       EV: 18    Int: 16    God:
Gold:   160        SH:  0    Dex: 19    Spells: 2 memorised, 8 levels left

rFire  . . .     SeeInvis +     d - +1 dagger (venom)
rCold  . . .     Clarity  .     a - +0 robe
rNeg   . . .     SustAt   .     (shield restricted)
rPois  .         Gourm    .     (helmet restricted)
rElec  .         Spirit   .     (no cloak)
rCorr  .         Warding  .     (gloves unavailable)
rMut   .         Stasis   .     (boots unavailable)
MR     +....                    (no amulet)
Stlth  ++++......               (no ring)
                                (no ring)

@: very quick, somewhat resistant to hostile enchantments, stealthy
A: unfitting armour, see invisible, herbivore 3, speed 3, slow metabolism 2
a: no special abilities


You were on level 4 of the Dungeon.
You were not hungry.

You visited 1 branch of the dungeon, and saw 4 of its levels.

You collected 160 gold pieces.

Inventory:

Hand weapons
 d - a +1 dagger of venom (weapon)
Armour
 a - a +0 robe (worn)
Scrolls
 e - a scroll of magic mapping
 i - 2 scrolls of recharging {unknown}
 l - a scroll of random uselessness {unknown}
 m - a scroll of teleportation {unknown}
Potions
 f - 4 potions of heal wounds {unknown}
 g - 2 potions of lignification {unknown}
 h - 3 potions of curing {unknown}
 k - a potion of degeneration {unknown}
 o - a potion of resistance
Books
 b - a book of Conjurations

   Spells                             Type                      Level
   a - Magic Dart                     Conjuration                  1
   b - Searing Ray                    Conjuration                  2
   c - Dazzling Spray                 Conjuration/Hexes            3
   d - Fulminant Prism                Conjuration/Hexes            4
   e - Iskenderun's Mystic Blast      Conjuration                  4
   f - Iskenderun's Battlesphere      Conjuration/Charms           5
Comestibles
 c - 5 bread rations


   Skills:
 + Level 1.7 Fighting
 * Level 4.1 Short Blades
 - Level 3.0 Dodging
 + Level 6.9 Stealth
 - Level 3.4 Spellcasting
 - Level 3.3 Conjurations


You had 8 spell levels left.
You knew the following spells:

 Your Spells              Type           Power        Failure   Level  Hunger
a - Magic Dart            Conj           ##..         6%          1    None
b - Searing Ray           Conj           ##....       10%         2    ##.....


Dungeon Overview and Level Annotations

Branches:
Dungeon (4/15)
 Temple: D:4-7

Altars:


Innate Abilities, Weirdness & Mutations

You are tiny and cannot use many weapons and most armour.
You have supernaturally acute eyesight.
You are a herbivore.
You cover ground extremely quickly.
You need consume almost no food.


Message History

Aim: an ogre, wielding a giant spiked club (lightly wounded)
The searing ray hits the ogre.
The ogre is moderately wounded.
The searing ray hits the ogre.
The ogre is heavily wounded.
The searing ray hits the ogre.
The ogre is severely wounded.
The ogre hits you with a giant spiked club.
You barely miss the ogre.
The ogre is severely wounded.
You hit the ogre.
The ogre is poisoned.
The ogre is severely wounded.
The ogre misses you.
You hit the ogre.
The ogre is almost dead.
You hit the ogre.
The ogre looks even sicker.
The ogre is almost dead.
The ogre hits you with a giant spiked club!!
Ouch! That really hurt!
You die...

............#.#
###########...#
######.....#
#......##..#
.........>..##
##.###..#....#
#. #..#.#..#
#.###....#..#
#....O@###..#
######## ##.##
#..# #..# ##.##
######
#..#########
#....#
#...........
#....#
#...........
##....##
#...........


You could see an ogre.

Vanquished Creatures
  Grinder (D:4)
  A hound (D:4)
  An orc wizard (D:3)
  An iguana (D:4)
  3 adders
  2 oozes
  4 worms
  2 giant geckos
  2 orcs (D:3)
  2 ball pythons
  9 bats
  A giant cockroach (D:1)
  6 goblins
  7 hobgoblins
  4 jackals (D:1)
  2 quokkas (D:3)
  3 giant newts
  8 kobolds
  5 rats
64 creatures vanquished.

Vanquished Creatures (others)
  An orc wizard (D:3)
1 creature vanquished.

Grand Total: 65 creatures vanquished

Notes
Turn   | Place    | Note
--------------------------------------------------------------
     0 | D:1      | Stormsson the Spriggan Conjurer began the quest for the Orb.
     0 | D:1      | Reached XP level 1. HP: 9/9 MP: 5/5
   288 | D:1      | Reached XP level 2. HP: 13/13 MP: 1/6
   597 | D:1      | Reached skill level 4 in Stealth
  1076 | D:2      | Reached XP level 3. HP: 16/16 MP: 8/8
  1215 | D:2      | Learned a level 2 spell: Searing Ray
  1477 | D:2      | Found a faded altar to an unknown god.
  1531 | D:2      | Reached skill level 1 in Short Blades
  1643 | D:3      | Reached skill level 5 in Stealth
  1643 | D:3      | Reached XP level 4. HP: 7/21 MP: 1/9
  2603 | D:4      | Reached skill level 6 in Stealth
  2603 | D:4      | Reached XP level 5. HP: 25/25 MP: 11/11
  2832 | D:4      | Noticed Grinder
  3002 | D:4      | Killed Grinder
  3002 | D:4      | Reached skill level 1 in Fighting
  3002 | D:4      | Reached XP level 6. HP: 28/30 MP: 2/12
  3180 | D:4      | Noticed an ogre
  3192 | D:4      | Slain by an ogre

Vault maps used:
D:1:      matt_arrival_diagonals
D:2:      minmay_door_path, ecumenical_altar_1, first_bread
D:3:      kennysheep_nondescript, minmay_item_behind_shaft
D:4:      kennysheep_potato, uniq_grinder

Action                   |  1- 3 |  4- 6 || total
-------------------------+-------+-------++-------
Melee: Dagger            |    42 |    50 ||    92
 Cast: Magic Dart        |    47 |    37 ||    84
       Searing Ray       |     1 |     6 ||     7
  Use: Potion            |     2 |       ||     2
       Scroll            |     3 |     1 ||     4
 Stab: Sleeping          |     9 |     4 ||    13
